 Dungeon Crawl Stone Soup version 0.28-a0-563-gf77a47075d (webtiles) character file.

Game seed: 5768725896418696804

20 iamoutofideas the Chopper (level 2, 0/27 HPs)
             Began as a Hill Orc Monk on Oct 1, 2021.
             Slain by an adder (3 damage)
             ... on level 2 of the Dungeon.
             The game lasted 00:00:38 (1210 turns).

iamoutofideas the Chopper (Hill Orc Monk)           Turns: 1210, Time: 00:00:39

Health: 0/27       AC:  2    Str: 13    XL:     2   Next: 79%
Magic:  2/2        EV: 12    Int: 10    God:
Gold:   55         SH:  0    Dex: 13    Spells: 1/1 levels left

rFire   . . .      SeeInvis .   a - +0 hand axe
rCold   . . .      Faith    .   (no shield)
rNeg    . . .      Spirit   .   b - +0 robe
rPois   .          Reflect  .   (no helmet)
rElec   .          Harm     .   (no cloak)
rCorr   .          Rampage  .   (no gloves)
Will    .....                   (no boots)
Stlth   ++........              (no amulet)
HPRegen 0.09/turn               (no ring)
MPRegen 0.08/turn               (no ring)

@: lethally poisoned (0 -> -3)
A: no striking features
a: no special abilities


You were on level 2 of the Dungeon.
You visited 1 branch of the dungeon, and saw 2 of its levels.

You collected 55 gold pieces.

Inventory:

Hand Weapons
 a - a +0 hand axe (weapon)
Armour
 b - a +0 robe (worn)
Scrolls
 c - 2 scrolls of teleportation {unknown}
 f - a scroll of fog {unknown}
 g - 2 scrolls of magic mapping {unknown}
 h - a scroll of blinking {unknown}
 i - a scroll of amnesia {unknown}
Potions
 d - a potion of degeneration {unknown}
 e - a potion of attraction {unknown}


   Skills:
 + Level 4.1 Fighting
 + Level 4.6 Axes
 - Level 2.5 Dodging
 - Level 1.6 Stealth


You had one spell level left.
You didn't know any spells.
Your spell library was empty.

Dungeon Overview and Level Annotations

Branches:
Dungeon (2/15)

Altars:


Message History

No target in view!
No target in view!
g - 2 scrolls labelled ACRENO SUAKOCK (gained 1)
You now have 55 gold pieces (gained 6).
You open the door.
There is an open door here.
Key pressed, stopping explore.
Done exploring.
Done exploring.
Done exploring.
Done exploring.
No target in view!
No target in view!
(D) Dungeon
Where to? (? - help)
There is a stone staircase leading down here.
You climb downwards.
There is a stone staircase leading up here.
An adder comes into view.
An adder is nearby!
An adder is nearby!
The adder hisses angrily.
An adder is nearby!
Found 4 gold pieces.
You barely miss the adder. The adder closely misses you.
You closely miss the adder. The adder bites you.
You closely miss the adder. The adder bites you. The adder barely misses you.
You closely miss the adder. The adder bites you.
You hit the adder but do no damage. The adder bites you. x2
You are poisoned.
The adder poisons you!
You are too injured to fight recklessly!
You are too injured to fight recklessly!
You closely miss the adder.
You feel sick. The adder barely misses you.
You hit the adder but do no damage.
You feel sick. The adder bites you.
* * * LOW HITPOINT WARNING * * *
You miss the adder.
* * * LOW HITPOINT WARNING * * *
You feel sick. The adder bites you.
You die...

#$ #. #. #
#. # #. #.
####.# #..#.
#...
#....###.###
#S@.....#
#....####..#
#.... #<...#
#.... ##...#
#.#........#
####.#######
.. ..


You could see an adder.

Vanquished Creatures
  A dart slug (D:1)
  4 ball pythons (D:1)
  2 endoplasms (D:1)
  3 hobgoblins (D:1)
  3 bats (D:1)
  A frilled lizard (D:1)
  A goblin (D:1)
  2 kobolds (D:1)
  A rat (D:1)
18 creatures vanquished.

Notes
Turn   | Place    | Note
-------+----------+-------------------------------------------
     0 | D:1      | iamoutofideas the Hill Orc Monk began the quest for the
                  | Orb.
     0 | D:1      | Reached XP level 1. HP: 19/19 MP: 1/1
   182 | D:1      | Reached XP level 2. HP: 19/27 MP: 2/2
   925 | D:1      | Found a faded altar of an unknown god.
  1210 | D:2      | Slain by an adder

Illustrated notes

Levels and vault maps discovered:
D:1:      psy_arrival_conway, layout_basic,
          hellmonk_ecumenical_altar_leap_of_faith
D:2:      minmay_evil_eye, layout_basic, st_stairs_4, minmay_fountain_box

Skill      XL: |  1  2 |
---------------+-------+-----
Fighting       | 4 |  4.1
Axes           | |  4.6
Dodging        | |  2.5
Stealth        | |  1.6

Action                   || total
-------------------------++-------
Melee: Hand axe          ||    57
 Stab: Sleeping          ||     2
Armor: Robe              ||     9
Dodge: Dodged            ||    44

Table legend: (Time is in decaauts)
 A = Elapsed time spent in this place.
 B = Non-inter-level travel time spent in this place.
 C = Inter-level travel time spent in this place.
 D = Time resting spent in this place.
 E = Time spent auto-exploring this place.
 F = Levels seen in this place.
 G = Mean time per level.
                   A        B        C        D        E       F      G
               +--------+--------+--------+--------+--------+-----+--------+
         Total |   1219 |   1204 |     15 |      0 |   1049 |   2 |  609.5 |
       Dungeon |   1219 |   1204 |     15 |      0 |   1049 |   2 |  609.5 |
               +--------+--------+--------+--------+--------+-----+--------+

Top non-repeatable levels by time:
     D:1: 1202 daAuts
     D:2: 16 daAuts
